 Dungeon Crawl Stone Soup version 0.22.1-6-g1668fe2c40 (webtiles) character file.

114 Kohma the Poker (level 4, 0/34 HPs)
             Began as a Demonspawn Gladiator on Jan 22, 2019.
             Slain by Purgy (2 damage)
             ... on level 2 of the Dungeon.
             The game lasted 00:06:00 (2733 turns).

Kohma the Poker (Demonspawn Gladiator)              Turns: 2733, Time: 00:06:01

Health: 0/34       AC:  4    Str: 15    XL:     4   Next: 66%
Magic:  4/4        EV: 18    Int:  9    God:
Gold:   79         SH:  0    Dex: 20    Spells: 3/3 levels left

rFire    . . .     SeeInvis .   a - +0 trident
rCold    . . .     Gourm    .   (no shield)
rNeg     . . .     Faith    .   b - +0 leather armour
rPois    .         Spirit   .   c - +0 helmet
rElec    .         Reflect  .   (no cloak)
rCorr    .         Harm     .   (no gloves)
MR       .....                  (no boots)
Stlth    +++.......             (no amulet)
HPRegen  0.11/turn              (no ring)
MPRegen  0.09/turn              (no ring)

@: agile
A: claws 1
a: no special abilities


You were on level 2 of the Dungeon.
You were hungry.

You visited 1 branch of the dungeon, and saw 3 of its levels.

You collected 79 gold pieces.

Inventory:

Hand Weapons
 a - a +0 trident (weapon)
Missiles
 d - 2 throwing nets (quivered)
 e - 34 stones
Armour
 b - a +0 leather armour (worn)
 c - a +0 helmet (worn)
 u - a +0 shield
Jewellery
 h - a +2 ring of intelligence {unknown}
Wands
 l - a wand of flame (37)
Scrolls
 g - 2 scrolls of immolation {unknown}
 j - a scroll of remove curse {unknown}
 n - 4 scrolls of identify {unknown}
 p - a scroll of teleportation {unknown}
 q - a scroll of fog {unknown}
 t - a scroll of magic mapping {unknown}
Potions
 i - a potion of invisibility {unknown}
 k - a potion of agility
 m - a potion of curing {unknown}
 o - a potion of berserk rage {unknown}
 r - a potion of flight {unknown}
Comestibles
 f - 6 rations
 s - 4 chunks of flesh


   Skills:
 + Level 2.4 Fighting
 * Level 4.1 Polearms
 - Level 1.7 Throwing
 + Level 1.2 Armour
 - Level 3.0 Dodging
 - Level 0.1 Stealth
 * Level 0.6 Shields


You had 3 spell levels left.
You didn't know any spells.
Your spell library was empty.

Dungeon Overview and Level Annotations

Branches:
Dungeon (3/15)

Altars:
Gozag
Sif Muna

Annotations:
D:2 Purgy


Innate Abilities, Weirdness & Mutations

You have sharp fingernails.


Message History

Purgy misses you. Purgy claws you.
* * * LOW HITPOINT WARNING * * *
Purgy barely misses you. Purgy claws you but does no damage.
Purgy closely misses you.
You climb upwards.
There is a stone staircase leading down here.
You puncture Purgy!
Purgy is almost dead.
Purgy bites you.
* * * LOW HITPOINT WARNING * * *
Purgy claws you.
* * * LOW HITPOINT WARNING * * *
Purgy barely misses you.
It was a potion of agility.
You feel agile all of a sudden. Purgy misses you. Purgy barely misses you.
Purgy closely misses you.
You hit Purgy.
Purgy is almost dead.
Purgy closely misses you. Purgy claws you.
You die...

#.8...8.##....# ###.......##.#.##
......_......#.#
###.......#..#.#######
#.8...8.##.#.......#
###.....###.#######.#
#.###.###...#### #.#
#.#.#.##.###...####.# ##.#...##.#
#...@....# ...#(####.# #..T######
#..#.# #.# ##.## .....####.# #.#
..........# ##.##
...##########...#### ###
...#####...........# ##..
#.....##.####...##.###########.##
#.###.##.# ##.###.##..........#


You could see Purgy.

Vanquished Creatures
  An orc wizard (D:3)
  3 adders (D:2)
  An ooze (D:1)
  3 worms (D:2)
  2 leopard geckos (D:2)
  3 orcs (D:3)
  2 bats (D:1)
  7 goblins
  4 hobgoblins
  2 jackals (D:1)
  A quokka (D:2)
  3 frilled lizards
  4 kobolds
  6 rats
42 creatures vanquished.

Notes
Turn   | Place    | Note
-------+----------+-------------------------------------------
     0 | D:1      | Kohma the Demonspawn Gladiator began the quest for the Orb.
     0 | D:1      | Reached XP level 1. HP: 16/16 MP: 1/1
   298 | D:1      | Reached skill level 3 in Polearms
   591 | D:1      | Gained mutation: You have sharp fingernails. [demonic
                  | ancestry]
   591 | D:1      | Reached XP level 2. HP: 22/22 MP: 2/2
  1409 | D:2      | Reached XP level 3. HP: 27/27 MP: 3/3
  1835 | D:2      | Reached skill level 1 in Armour
  1924 | D:2      | Found an opulent altar of Gozag.
  1934 | D:2      | Reached XP level 4. HP: 32/33 MP: 4/4
  2062 | D:2      | Reached skill level 4 in Polearms
  2328 | D:2      | You fall through a shaft!
  2678 | D:3      | Found a deep blue altar of Sif Muna.
  2686 | D:3      | Noticed Purgy
  2731 | D:2      | HP: 1/34 [Purgy (2)]
  2733 | D:2      | Slain by Purgy

Skill      XL: |  1  2  3  4 |
---------------+-------------+-----
Polearms       | 3 4 |  4.1
Armour         | 1 |  1.2
Dodging        | 3 |  3.0
Fighting       | |  2.4
Throwing       | |  1.7
Stealth        | |  0.1
Shields        | |  0.6

Action                   |  1- 3 |  4- 6 || total
-------------------------+-------+-------++-------
Melee: Trident           |   106 |    49 ||   155
Throw: Throwing net      |       |     1 ||     1
  Use: Potion            |       |     1 ||     1
 Stab: Sleeping          |     2 |     1 ||     3
  Eat: Chunk             |     3 |     2 ||     5
Armor: Leather armour    |    13 |    12 ||    25
Dodge: Dodged            |    55 |    34 ||    89
